TOP OF THE 1ST |
---|
Louisiana State Tigers batting - Pitching for Texas Christian Horned Frogs : RHP Daniel Mitchell | Pitching: RHP Daniel Mitchell | | Batting: RHB Fernando Rodríguez | 0-0: Ball 1-0: SINGLE (Flyball, 9S) | Batting: LHB Jerry Flatt | 0-0: Called Strike 0-1: Ball 1-1: Foul Ball, location: 2F 1-2: Strikes out swinging | Batting: RHB John Howell | 0-0: Ball Fernando Rodríguez steals 2nd base 1-0: SINGLE (Groundball, 6MD) Fernando Rodríguez to third | Batting: LHB Ronald Wallace | 0-0: Fly out, F7 (Flyball, 7LM) Runner from 3rd tags up, SCORES, throw made | Batting: RHB Ernesto Quintero | 0-0: Called Strike 0-1: Ball 1-1: Ball 2-1: Foul Ball, location: 2F 2-2: Hit by Pitch John Howell to second | Batting: RHB Jonathan Bennett | 0-0: Ball 1-0: Called Strike 1-1: Swinging Strike 1-2: Foul Ball, location: 2F 1-2: 3-RUN HOME RUN (Flyball, 9LD), Distance : 361 ft | Batting: RHB Devin Taylor | 0-0: Ball 1-0: Ball 2-0: Ball 3-0: Called Strike 3-1: Foul Ball, location: 2F 3-2: Base on Balls | Batting: RHB Mike Cooley | 0-0: Fielders Choice at 2nd, 6-4 (Groundball, 6) | Top of the 1st over - 4 runs, 3 hits, 0 errors, 1 left on base; Louisiana State 4 - Texas Christian 0 | BOTTOM OF THE 1ST |
---|
Texas Christian Horned Frogs batting - Pitching for Louisiana State Tigers : RHP Doug Thomas | Pitching: RHP Doug Thomas | | Batting: RHB Eric Adams | 0-0: Ground out 6-3 (Groundball, 6) | Batting: LHB Nicholas Morgan | 0-0: Ball 1-0: Ball 2-0: Ground out 1-3 (Groundball, 15S) | Batting: LHB Perry Hayward | 0-0: SINGLE (Line Drive, 7S) | Batting: RHB Eric Schroeder | 0-0: Ground out 5-3 (Groundball, 5S) | Bottom of the 1st over - 0 runs, 1 hit, 0 errors, 1 left on base; Louisiana State 4 - Texas Christian 0 | TOP OF THE 2ND |
---|
Louisiana State Tigers batting - Pitching for Texas Christian Horned Frogs : RHP Daniel Mitchell | Batting: LHB Rick Owens | 0-0: Called Strike 0-1: Ball 1-1: Ball 2-1: Foul Ball, location: 2F 2-2: Strikes out looking | Batting: RHB Fernando Rodríguez | 0-0: SINGLE (Groundball, 3D) | Batting: LHB Jerry Flatt | 0-0: Ball Fernando Rodríguez steals 2nd base 1-0: Fly out, F5 (Popup, 5SF) | Batting: RHB John Howell | 0-0: Ball 1-0: Ball 2-0: Ball 3-0: Base on Balls | Batting: LHB Ronald Wallace | 0-0: Called Strike 0-1: Foul Ball, location: 2F 0-2: Strikes out looking | Top of the 2nd over - 0 runs, 1 hit, 0 errors, 2 left on base; Louisiana State 4 - Texas Christian 0 | BOTTOM OF THE 2ND |
---|
Texas Christian Horned Frogs batting - Pitching for Louisiana State Tigers : RHP Doug Thomas | Batting: SHB Pete Fields | 0-0: Foul Ball, location: 2F 0-1: Ball 1-1: Foul Ball, location: 2F 1-2: Ball 2-2: Ball 3-2: Ground out 1-3 (Groundball, 13) | Batting: RHB Danny Wilson | 0-0: Ball 1-0: SINGLE (Line Drive, 34) | Batting: LHB Joaquín Trejo | 0-0: Called Strike 0-1: Ball 1-1: Swinging Strike 1-2: Strikes out looking | Batting: RHB Arthur Salyers | 0-0: Ball 1-0: Called Strike 1-1: Foul Ball, location: 2F 1-2: Foul Ball, location: 2F 1-2: DOUBLE (Line Drive, 8LD) Danny Wilson to third Runner from 3rd tries for Home, SAFE, throw made at trailing runner, OUT at third! | Bottom of the 2nd over - 1 run, 2 hits, 0 errors, 0 left on base; Louisiana State 4 - Texas Christian 1 | TOP OF THE 3RD |
---|
Louisiana State Tigers batting - Pitching for Texas Christian Horned Frogs : RHP Daniel Mitchell | Batting: RHB Ernesto Quintero | 0-0: Foul Ball, location: 2F 0-1: Ball 1-1: Foul Ball, location: 2F 1-2: Fly out, F5 (Line Drive, 56) | Batting: RHB Jonathan Bennett | 0-0: Swinging Strike 0-1: Ground out 5-3 (Groundball, 56) | Batting: RHB Devin Taylor | 0-0: Fly out, F9 (Flyball, 9) | Top of the 3rd over - 0 runs, 0 hits, 0 errors, 0 left on base; Louisiana State 4 - Texas Christian 1 | BOTTOM OF THE 3RD |
---|
Texas Christian Horned Frogs batting - Pitching for Louisiana State Tigers : RHP Doug Thomas | Batting: RHB Parker Gonzáles | 0-0: Ball 1-0: Foul Ball, location: 2F 1-1: Called Strike 1-2: Ball 2-2: Strikes out swinging | Batting: RHB Eric Adams | 0-0: Ball 1-0: Called Strike 1-1: SINGLE (Groundball, 56D) | Batting: LHB Nicholas Morgan | 0-0: Ball 1-0: Ball 2-0: DOUBLE (Line Drive, 89M) Eric Adams to third Runner from 3rd tries for Home, throw and OUT! | Batting: LHB Perry Hayward | 0-0: Ball 1-0: Fly out, F3 (Popup, 34S) | Bottom of the 3rd over - 0 runs, 2 hits, 0 errors, 1 left on base; Louisiana State 4 - Texas Christian 1 | TOP OF THE 4TH |
---|
Louisiana State Tigers batting - Pitching for Texas Christian Horned Frogs : RHP Daniel Mitchell | Batting: RHB Mike Cooley | 0-0: Foul Ball, location: 2F 0-1: Ball 1-1: Ball 2-1: Ball 3-1: Called Strike 3-2: Base on Balls | Batting: LHB Rick Owens | 0-0: Called Strike 0-1: Ball 1-1: Foul Ball, location: 2F 1-2: Ball 2-2: Foul Ball, location: 2F 2-2: Foul Ball, location: 2F 2-2: Foul Ball, location: 2F 2-2: Fly out, F7 (Flyball, 78D) | Batting: RHB Fernando Rodríguez | 0-0: Fly out, F8 (Line Drive, 8RM) | Batting: LHB Jerry Flatt | 0-0: Ball 1-0: Called Strike Mike Cooley steals 2nd base 1-1: Ball 2-1: Ball 3-1: Base on Balls | Batting: RHB John Howell | 0-0: Ball 1-0: Ball 2-0: Called Strike 2-1: Ball 3-1: Base on Balls Mike Cooley to third Jerry Flatt to second | Batting: LHB Ronald Wallace | 0-0: Called Strike 0-1: Swinging Strike 0-2: SINGLE (Flyball, 78M) Mike Cooley scores Jerry Flatt to third John Howell to second Runner from 3rd tries for Home, SAFE, throw made home | Pitching: RHP Dennis Nicholas | | Batting: RHB Ernesto Quintero | 0-0: Ground out 3-1 (Groundball, 34) | Top of the 4th over - 2 runs, 1 hit, 0 errors, 2 left on base; Louisiana State 6 - Texas Christian 1 | BOTTOM OF THE 4TH |
---|
Texas Christian Horned Frogs batting - Pitching for Louisiana State Tigers : RHP Doug Thomas | Batting: RHB Eric Schroeder | 0-0: Ball 1-0: Called Strike 1-1: Swinging Strike 1-2: Ball 2-2: SINGLE (Groundball, 56D) | Batting: SHB Pete Fields | 0-0: Ball 1-0: Called Strike 1-1: Foul Ball, location: 2F 1-2: Ball 2-2: Strikes out swinging | Batting: RHB Danny Wilson | 0-0: Ball 1-0: Ball 2-0: Foul Ball, location: 2F 2-1: Foul Ball, location: 2F 2-2: Foul Ball, location: 2F 2-2: Strikes out swinging | Batting: LHB Joaquín Trejo | 0-0: Ball 1-0: Ball 2-0: Foul Ball, location: 2F 2-1: Ball 3-1: Base on Balls Eric Schroeder to second | Batting: RHB Arthur Salyers | 0-0: Called Strike 0-1: Fly out, F6 (Line Drive, 6M) | Bottom of the 4th over - 0 runs, 1 hit, 0 errors, 2 left on base; Louisiana State 6 - Texas Christian 1 | TOP OF THE 5TH |
---|
Louisiana State Tigers batting - Pitching for Texas Christian Horned Frogs : RHP Dennis Nicholas | Batting: RHB Jonathan Bennett | 0-0: Ball 1-0: Swinging Strike 1-1: Foul Ball, location: 2F 1-2: Strikes out swinging | Batting: RHB Devin Taylor | 0-0: Called Strike 0-1: Ball 1-1: SINGLE (Line Drive, 8RS) | Batting: RHB Mike Cooley | 0-0: Swinging Strike 0-1: Ball 1-1: Ball 2-1: Ball Wild Pitch! Devin Taylor to second 3-1: Base on Balls | Batting: LHB Rick Owens | 0-0: Called Strike 0-1: Ball 1-1: Swinging Strike 1-2: Grounds into double play, 4-6-3 (Groundball, 4) | Top of the 5th over - 0 runs, 1 hit, 0 errors, 1 left on base; Louisiana State 6 - Texas Christian 1 | BOTTOM OF THE 5TH |
---|
Texas Christian Horned Frogs batting - Pitching for Louisiana State Tigers : RHP Doug Thomas | Batting: RHB Parker Gonzáles | 0-0: Ground out 5-3 (Groundball, 5) | Batting: RHB Eric Adams | 0-0: Reached on error, E3 (Groundball, 34S) | Batting: LHB Nicholas Morgan | 0-0: Ball 1-0: Foul Ball, location: 2F 1-1: Called Strike 1-2: SINGLE (Groundball, 4D) Eric Adams to second Runner from 2nd tries for 3rd, OUT! | Batting: LHB Perry Hayward | 0-0: Ball 1-0: Called Strike 1-1: Ball 2-1: Foul Ball, location: 2F 2-2: DOUBLE (Line Drive, 78D) Nicholas Morgan to third | Batting: RHB Eric Schroeder | 0-0: Swinging Strike 0-1: Ball 1-1: SINGLE (Line Drive, 56D) Nicholas Morgan scores Perry Hayward to third Runner from 3rd tries for Home, SAFE, throw made home | Batting: SHB Pete Fields | 0-0: Called Strike 0-1: Called Strike 0-2: Ball 1-2: Ball 2-2: Fly out, F8 (Flyball, 78M) | Bottom of the 5th over - 2 runs, 3 hits, 1 error, 1 left on base; Louisiana State 6 - Texas Christian 3 | TOP OF THE 6TH |
---|
Louisiana State Tigers batting - Pitching for Texas Christian Horned Frogs : RHP Dennis Nicholas | Batting: RHB Fernando Rodríguez | 0-0: Called Strike 0-1: Ball 1-1: Foul Ball, location: 2F 1-2: Ball 2-2: Foul Ball, location: 2F 2-2: Foul Ball, location: 2F 2-2: Ground out 6-3 (Groundball, 6M) | Batting: LHB Jerry Flatt | 0-0: Ball 1-0: Called Strike 1-1: Swinging Strike 1-2: Ball 2-2: Ball 3-2: SINGLE (Groundball, 4MD) | Batting: RHB John Howell | 0-0: SINGLE (Line Drive, 6) Jerry Flatt to second | Batting: LHB Ronald Wallace | 0-0: Ball 1-0: Foul Ball, location: 2F 1-1: Grounds into double play, 3-6-3 (Groundball, 3) | Top of the 6th over - 0 runs, 2 hits, 0 errors, 1 left on base; Louisiana State 6 - Texas Christian 3 | BOTTOM OF THE 6TH |
---|
Texas Christian Horned Frogs batting - Pitching for Louisiana State Tigers : RHP Doug Thomas | Batting: RHB Danny Wilson | 0-0: Ball 1-0: Called Strike 1-1: DOUBLE (Line Drive, 7LM) | Pitching: RHP Ricardo Delgado | | Batting: LHB Joaquín Trejo | 0-0: Fly out, F7 (Flyball, 7LDF) | Batting: RHB Arthur Salyers | 0-0: Foul Ball, location: 2F 0-1: Ball 1-1: SINGLE (Line Drive, 6D) Danny Wilson to third Runner from 3rd tries for Home, throw and OUT! | Batting: RHB Parker Gonzáles | 0-0: Ball Arthur Salyers steals 2nd base 1-0: SINGLE (Flyball, 78S) Arthur Salyers to third Runner from 3rd tries for Home, SAFE, no throw | Batting: RHB Eric Adams | 0-0: Ball 1-0: Foul Ball, location: 2F 1-1: Called Strike 1-2: Foul Ball, location: 2F 1-2: Ball 2-2: Strikes out swinging | Bottom of the 6th over - 1 run, 3 hits, 0 errors, 1 left on base; Louisiana State 6 - Texas Christian 4 | TOP OF THE 7TH |
---|
Louisiana State Tigers batting - Pitching for Texas Christian Horned Frogs : RHP Dennis Nicholas | Batting: RHB Ernesto Quintero | 0-0: Foul Ball, location: 2F 0-1: Ball 1-1: Swinging Strike 1-2: Fly out, F3 (Popup, 3SF) | Batting: RHB Jonathan Bennett | 0-0: Ground out 5-3 (Groundball, 5L) | Batting: RHB Devin Taylor | 0-0: Called Strike 0-1: Foul Ball, location: 2F 0-2: Strikes out swinging | Top of the 7th over - 0 runs, 0 hits, 0 errors, 0 left on base; Louisiana State 6 - Texas Christian 4 | BOTTOM OF THE 7TH |
---|
Texas Christian Horned Frogs batting - Pitching for Louisiana State Tigers : RHP Ricardo Delgado | Batting: LHB Nicholas Morgan | 0-0: Ball 1-0: Called Strike 1-1: Fly out, F7 (Flyball, 7S) | Batting: LHB Perry Hayward | 0-0: Swinging Strike 0-1: Called Strike 0-2: Ball 1-2: Ground out 1-3 (Groundball, 13) | Batting: RHB Eric Schroeder | 0-0: Ball 1-0: Foul Ball, location: 2F 1-1: Ball 2-1: SOLO HOME RUN (Flyball, 78XD), Distance : 433 ft | Pitching: RHP Ricardo Duárez | | Batting: SHB Pete Fields | 0-0: Ground out U3 (Groundball, 3L) | Bottom of the 7th over - 1 run, 1 hit, 0 errors, 0 left on base; Louisiana State 6 - Texas Christian 5 | TOP OF THE 8TH |
---|
Louisiana State Tigers batting - Pitching for Texas Christian Horned Frogs : RHP Dennis Nicholas | Batting: RHB Mike Cooley | 0-0: Ball 1-0: Called Strike 1-1: Swinging Strike 1-2: Foul Ball, location: 2F 1-2: Foul Ball, location: 2F 1-2: Ball 2-2: Strikes out looking | Batting: LHB Rick Owens | 0-0: Ball 1-0: Swinging Strike 1-1: SOLO HOME RUN (Flyball, 9D), Distance : 384 ft | Batting: RHB Fernando Rodríguez | 0-0: Ball 1-0: Ball 2-0: Ball 3-0: Base on Balls | Pitching: RHP Max Shepard | | Batting: LHB Jerry Flatt | 0-0: Ball 1-0: Swinging Strike 1-1: Ball 2-1: Ball 3-1: Foul Ball, location: 2F 3-2: Base on Balls Fernando Rodríguez to second | Batting: RHB John Howell | 0-0: Ball Fernando Rodríguez steals 3rd base 1-0: Called Strike 1-1: Fielders Choice at 2nd, 1-6 (Groundball, 13S) | Batting: LHB Ronald Wallace | 0-0: Ball 1-0: Ball 2-0: Ball 3-0: Called Strike 3-1: SINGLE (Groundball, 34D) Fernando Rodríguez scores John Howell to second Throwing error, E9 John Howell scores Ronald Wallace to second | Batting: RHB Ernesto Quintero | 0-0: 2-RUN HOME RUN (Flyball, 7D), Distance : 394 ft | Batting: RHB Jonathan Bennett | 0-0: Ball 1-0: Ball 2-0: Foul Ball, location: 2F 2-1: Ball 3-1: Base on Balls | Batting: RHB Devin Taylor | 0-0: Ball 1-0: Ball 2-0: Called Strike 2-1: Foul Ball, location: 2F 2-2: Foul Ball, location: 2F 2-2: SINGLE (Groundball, 34D) Jonathan Bennett to second Runner from 2nd tries for 3rd, OUT! | Top of the 8th over - 5 runs, 4 hits, 1 error, 1 left on base; Louisiana State 11 - Texas Christian 5 | BOTTOM OF THE 8TH |
---|
Texas Christian Horned Frogs batting - Pitching for Louisiana State Tigers : RHP Ricardo Duárez | Batting: RHB Danny Wilson | 0-0: Ground out 1-3 (Groundball, P) | Batting: LHB Joaquín Trejo | 0-0: Called Strike 0-1: Foul Ball, location: 2F 0-2: Ball 1-2: Foul Ball, location: 2F 1-2: Ball 2-2: Ball 3-2: Strikes out looking | Batting: RHB Arthur Salyers | 0-0: Foul Ball, location: 2F 0-1: Foul Ball, location: 2F 0-2: Ball 1-2: Ball 2-2: Ball 3-2: Base on Balls | Batting: RHB Parker Gonzáles | 0-0: Foul Ball, location: 2F 0-1: Swinging Strike 0-2: SINGLE (Line Drive, 34D) Arthur Salyers to second Runner from 2nd tries for 3rd, SAFE, throw made to third | Batting: RHB Eric Adams | 0-0: Called Strike 0-1: Ball 1-1: Fly out, F8 (Flyball, 8RD) | Bottom of the 8th over - 0 runs, 1 hit, 0 errors, 2 left on base; Louisiana State 11 - Texas Christian 5 | TOP OF THE 9TH |
---|
Louisiana State Tigers batting - Pitching for Texas Christian Horned Frogs : RHP Max Shepard | Batting: RHB Mike Cooley | 0-0: Ball 1-0: Called Strike 1-1: Ball 2-1: Ball 3-1: Swinging Strike 3-2: Foul Ball, location: 2F 3-2: Base on Balls | Batting: LHB Rick Owens | 0-0: Foul Ball, location: 2F 0-1: 2-RUN HOME RUN (Flyball, 9LD), Distance : 345 ft | Pitching: RHP Adrián Alvarado | | Batting: RHB Fernando Rodríguez | 0-0: Foul Ball, location: 2F 0-1: Ball 1-1: Ball 2-1: Ball 3-1: Fly out, F8 (Flyball, 8RS) | Batting: LHB Jerry Flatt | 0-0: Foul Ball, location: 2F 0-1: Called Strike 0-2: Ball 1-2: Ball 2-2: Foul Ball, location: 2F 2-2: Foul Ball, location: 2F 2-2: SINGLE (Groundball, 5D) | Batting: RHB John Howell | 0-0: Ball 1-0: Ball 2-0: Foul Ball, location: 2F 2-1: Swinging Strike 2-2: Foul Ball, location: 2F 2-2: Ball 3-2: Strikes out looking | Batting: LHB Ronald Wallace | 0-0: Called Strike 0-1: Ball 1-1: Called Strike 1-2: Ball 2-2: Strikes out swinging | Top of the 9th over - 2 runs, 2 hits, 0 errors, 1 left on base; Louisiana State 13 - Texas Christian 5 | BOTTOM OF THE 9TH |
---|
Texas Christian Horned Frogs batting - Pitching for Louisiana State Tigers : RHP Marc Matos | Pitching: RHP Marc Matos | | Now at 2B: Mark Potter | | Batting: LHB Nicholas Morgan | 0-0: Ball 1-0: Ball 2-0: Called Strike 2-1: Called Strike 2-2: Ground out 4-3 (Groundball, 4) | Batting: LHB Perry Hayward | 0-0: Swinging Strike 0-1: SINGLE (Groundball, 34) (infield hit) | Batting: RHB Eric Schroeder | 0-0: Ball 1-0: Foul Ball, location: 2F 1-1: Grounds into double play, 6-4-3 (Groundball, 6) | Bottom of the 9th over - 0 runs, 1 hit, 0 errors, 0 left on base; Louisiana State 13 - Texas Christian 5 | |